 Dungeon Crawl Stone Soup version 0.28.0-43-g3370ac3207 (webtiles) character file.

Game seed: 15457030986924442023

190 Jenx the Ruffian (level 5, -9/53 HPs)
             Began as a Troll Monk on Mar 4, 2022.
             Mangled by an orc
             ... wielding a +4 dagger of electrocution
              (13 damage)
             ... on level 4 of the Dungeon.
             The game lasted 00:02:35 (857 turns).

Jenx the Ruffian (Troll Monk)                        Turns: 857, Time: 00:02:36

Health: -9/53      AC:  9    Str: 19    XL:     5   Next: 41%
Magic:  4/4        EV: 10    Int:  6    God:
Gold:   115        SH:  0    Dex: 14    Spells: 4/4 levels left

rFire   . . .      SeeInvis .     - Unarmed
rCold   . . .      Faith    .   (no shield)
rNeg    . . .      Spirit   .   a - +0 robe
rPois   .          Reflect  .   (helmet restricted)
rElec   .          Harm     .   i - +0 cloak
rCorr   .          Rampage  .   (gloves unavailable)
Will    .....                   (boots unavailable)
Stlth   ++........              (no amulet)
HPRegen 0.97/turn               b - +4 ring of protection
MPRegen 0.09/turn               (no ring)

@: no status effects
A: large, unfitting armour, claws 3, regeneration 1, shaggy fur 1, tough skin 1
a: no special abilities


You were on level 4 of the Dungeon.
You visited 1 branch of the dungeon, and saw 4 of its levels.

You collected 115 gold pieces.

Inventory:

Armour
 a - a +0 robe (worn)
 i - a +0 cloak (worn)
Jewellery
 b - a +4 ring of protection (left claw)
Scrolls
 d - 2 scrolls of immolation {unknown}
 g - 3 scrolls of identify {unknown}
 h - a scroll of blinking {unknown}
 j - a scroll of fear {unknown}
Potions
 c - a potion of lignification {unknown}
 e - 2 potions of curing {unknown}
 f - a potion of heal wounds {unknown}
 k - a potion of flight {unknown}


   Skills:
 + Level 3.2 Fighting
 + Level 3.2 Dodging
 - Level 1.0 Stealth
 * Level 4.8 Unarmed Combat


You had 4 spell levels left.
You didn't know any spells.
Your spell library was empty.

Dungeon Overview and Level Annotations

Branches:
Dungeon (4/15)
 Temple: D:4-7

Altars:
Wu Jian

Annotations:
D:3 3 runed translucent doors, Kae's ghost, amateur OpCj


Innate Abilities, Weirdness & Mutations

You are too large for most types of armour.
You have claws for hands.
Your natural rate of healing is unusually fast.
You are covered in fur. (AC +1)
You have tough skin. (AC +1)


Message History

An orc wizard and 3 orcs come into view.
An orc is wielding a +4 dagger of electrocution.
The orc shouts!
There are monsters nearby!
The orc shouts! x2; The orc wizard shouts!
There is an open door here.
The orc barely misses you. The orc hits you with a +0 hand axe.
The orc hits you but does no damage.
You barely miss the orc wizard.
The orc hits you with a +4 dagger of electrocution.
The orc hits you but does no damage. The orc barely misses you.
The orc wizard closely misses you.
You miss the orc wizard.
The orc hits you with a +4 dagger of electrocution.
The orc hits you with a +0 hand axe. The orc hits you with a +0 whip.
The orc wizard barely misses you.
You scratch the orc wizard but do no damage.
The orc hits you but does no damage.
You are electrocuted!!
The orc hits you with a +0 hand axe. The orc barely misses you.
The orc wizard mumbles some strange words.
The orc wizard flickers and vanishes!
Deactivating autopickup; reactivate with Ctrl-A.
You closely miss something. The orc hits you but does no damage. x2
The orc hits you with a +0 whip. Something hits you but does no damage.
You scratch something but do no damage. The orc hits you but does no damage.
You are electrocuted!
* * * LOW HITPOINT WARNING * * *
The orc barely misses you. The orc closely misses you.
Something hits you but does no damage.
You barely miss something. The orc closely misses you.
The orc hits you but does no damage. x2; Something hits you but does no damage.
You scratch something. The orc hits you with a +0 hand axe.
* * * LOW HITPOINT WARNING * * *
The orc closely misses you. The orc hits you but does no damage.
Something hits you but does no damage.
You closely miss something.
The orc hits you with a +4 dagger of electrocution.
* * * LOW HITPOINT WARNING * * *
You are electrocuted!
You die...

#.......##'###.....#
#.......#....#.....#
#..[..[.#..>.#.....#
#.......#....#.....#
#.......#..(.#.....#
#.......#....#.....#
#.......###+##.....#
#........#..{.#.....#
#........+..o@#.....#
#........#..oo'.....#
#....#.....#
#....#.....#
######.....# ......#
......# ......#
.......#


You could see 3 orcs.

Vanquished Creatures
  An ogre (D:4)
  2 orc wizards (D:3)
  7 orcs
  3 endoplasms
  A giant cockroach (D:2)
  2 goblins
  4 hobgoblins
  4 jackals (D:2)
  6 kobolds
  4 ball pythons
  8 bats
  7 rats
49 creatures vanquished.

Notes
Turn   | Place    | Note
-------+----------+-------------------------------------------
     0 | D:1      | Jenx the Troll Monk began the quest for the Orb.
     0 | D:1      | Reached XP level 1. HP: 22/22 MP: 0/0
   295 | D:1      | Reached XP level 2. HP: 29/29 MP: 1/1
   529 | D:2      | Reached XP level 3. HP: 36/36 MP: 2/2
   557 | D:3      | Found a runed translucent gate.
   557 | D:3      | Found a runed translucent gate.
   558 | D:3      | Found a runed translucent gate.
   560 | D:3      | Noticed Kae's ghost (amateur OpCj)
   640 | D:3      | Found a faded altar of an unknown god.
   648 | D:3      | Reached skill level 4 in Unarmed Combat
   648 | D:3      | Reached XP level 4. HP: 34/44 MP: 3/3
   684 | D:4      | Found an ornate altar of the Wu Jian Council.
   769 | D:4      | Noticed an ogre
   783 | D:4      | Killed an ogre
   784 | D:4      | Reached XP level 5. HP: 31/53 MP: 4/4
   857 | D:4      | Mangled by an orc

Illustrated notes

Levels and vault maps discovered:
D:1:      zaba_arrival_water, layout_basic, minmay_tromino_v4_b
D:2:      minmay_inner_zag, layout_loops_ring, serial_shops, shop,
          minmay_pentomino_pile
D:3:      layout_rooms, mainiacjoe_overflow_surrounded_room,
          gammafunk_ghost_split, shapermc_ecumenical_altar_mp_highgroup,
          kennysheep_generic_room_16
D:4:      layout_gridville, eat_drink_and_be_merry_uskayaw,
          nzn_wu_jian_contemplation, led_sif_pool, minmay_pentangle

Skill      XL: |  1  2  3  4 |
---------------+-------------+-----
Unarmed Combat | 4 |  4.8
Fighting       | 3 |  3.2
Dodging        | 3 |  3.2
Stealth        | |  1.0

Action                   |  1- 3 |  4- 6 || total
-------------------------+-------+-------++-------
Melee: Unarmed           |    90 |    31 ||   121
       Punch             |     5 |       ||     5
 Stab: Sleeping          |     3 |       ||     3
Armor: Robe              |    48 |    28 ||    76
Dodge: Dodged            |    54 |    19 ||    73
